 Dungeon Crawl Stone Soup version 0.21.1-1-g345015f (webtiles) character file.

154 Fang the Skirmisher (level 5, 0/49 HPs)
             Began as a Gargoyle Berserker on June 8, 2018.
             Was a Believer of Trog.
             Slain by Rathner's ghost (1 damage)
             ... on level 3 of the Dungeon.
             The game lasted 00:02:16 (1947 turns).

Fang the Skirmisher (Gargoyle Berserker)            Turns: 1947, Time: 00:02:17

Health: 0/49       AC: 22    Str: 21    XL:     5   Next: 35%
Magic:  5/5        EV:  2    Int:  8    God:    Trog [**....]
Gold:   134        SH:  0    Dex:  9    Spells: 4/4 levels left

rFire    . . .     SeeInvis .   w - +0 war axe (pain)
rCold    . . .     Gourm    .   (no shield)
rNeg     + + +     Faith    .   (armour currently unavailable)
rPois    ∞         Spirit   .   (helmet currently unavailable)
rElec    .         Reflect  .   (cloak currently unavailable)
rCorr    .         Harm     .   (gloves currently unavailable)
MR       .....     NoTele   +   (boots currently unavailable)
Stlth    +.........             k - amulet of inaccuracy (curse)
HPRegen  0.16/turn              (no ring)
MPRegen  0.09/turn              (no ring)

@: tree-form, berserk cooldown, slowed, very slow
A: negative energy resistance 1, petrification resistance, rot immunity, AC +4
a: Berserk, Trog's Hand, Burn Spellbooks, Renounce Religion


You were on level 3 of the Dungeon.
You worshipped Trog.
Trog was pleased with you.
You were very full.
You were a tree.
You visited 1 branch of the dungeon, and saw 3 of its levels.

You collected 134 gold pieces.

Inventory:

Hand Weapons
 a - a +0 hand axe
 w - a +0 war axe of pain (weapon)
Armour
 b - a +0 animal skin
 p - a cursed +0 robe (melded)
Jewellery
 f - an uncursed amulet of the gourmand
 k - a cursed amulet of inaccuracy (around neck)
 u - a +2 ring of slaying {unknown}
Wands
 t - a wand of digging (11)
Scrolls
 e - 2 scrolls of identify {unknown}
 h - 4 scrolls of teleportation {unknown}
 i - 3 scrolls of noise {unknown}
 o - a scroll of magic mapping {unknown}
 q - a scroll of blinking {unknown}
 r - a scroll of amnesia {unknown}
Potions
 g - a potion of invisibility {unknown}
 j - a potion of ambrosia {unknown}
 l - a potion of mutation {unknown}
 m - a potion of berserk rage {unknown}
 n - a potion of resistance {unknown}
 v - a potion of flight {unknown}
Comestibles
 c - 3 rations


   Skills:
 + Level 4.2 Fighting
 + Level 4.0 Axes
 + Level 2.4 Armour
 + Level 2.6 Dodging
 + Level 0.3 Stealth


You had 4 spell levels left.
You didn't know any spells.

Dungeon Overview and Level Annotations

Branches:
Dungeon (3/15)

Altars:

Annotations:
D:3 Rathner's ghost, amateur GnCK


Innate Abilities, Weirdness & Mutations

You are resistant to torment.
((Your stone body is resilient. (AC +4)))
You are immune to poison.
You resist negative energy. (rN+)
((You are resistant to electric shocks. (rElec)))
((You can survive without breathing.))
You are immune to petrification.
You are immune to rotting.


Message History

Rathner's ghost barely misses you.
Rathner's ghost hits you but does no damage.
Unknown command.
You slash Rathner's ghost!
Rathner's ghost is moderately damaged.
Rathner's ghost hits you.
* * * LOW HITPOINT WARNING * * *
Rathner's ghost hits you but does no damage.
Unknown command.
You slash Rathner's ghost!
Rathner's ghost is severely damaged.
Rathner's ghost hits you but does no damage.
Rathner's ghost misses you.
Unknown command.
It was a potion of lignification.
You turn into a tree.
Your cursed +0 robe melds into your body.
Your roots penetrate the ground.
Rathner's ghost hits you but does no damage.
Rathner's ghost hits you.
You die...

#..# ##..# .... #..# #..#
#..###+#### #†.##.....#
#.##..##.....#
#.....lW♣....#
####..K#.....#
.......#.....#
###....#.....############
......##................
####...##################
..... ###.##


You could see Rathner's ghost, a kobold and a frilled lizard.

Vanquished Creatures
  2 adders (D:2)
  7 gnolls (D:2)
  2 worms (D:2)
  A dart slug (D:1)
  3 leopard geckos
  3 giant cockroaches
  9 goblins
  3 hobgoblins (D:1)
  8 jackals (D:1)
  3 ball pythons
  7 bats
  3 frilled lizards
  4 kobolds
  5 rats
60 creatures vanquished.

Notes
Turn   | Place    | Note
-------+----------+-------------------------------------------
     0 | D:1      | Fang the Gargoyle Berserker began the quest for the Orb.
     0 | D:1      | Reached XP level 1. HP: 14/14 MP: 1/1
   120 | D:1      | Reached XP level 2. HP: 13/19 MP: 2/2
   332 | D:1      | Reached XP level 3. HP: 18/24 MP: 3/3
   950 | D:2      | Reached ** piety under Trog
  1027 | D:2      | Reached XP level 4. HP: 29/29 MP: 4/4
  1182 | D:2      | Reached XP level 5. HP: 20/33 MP: 5/5
  1921 | D:3      | Noticed Rathner's ghost (amateur GnCK)
  1943 | D:3      | HP: 1/33 [Rathner's ghost (7)]
  1947 | D:3      | Slain by Rathner's ghost

Skill      XL: |  1  2  3  4  5 |
---------------+----------------+-----
Axes           | 3 4 |  4.0
Dodging        | 2 |  2.6
Fighting       | 4 |  4.2
Armour         | |  2.4
Stealth        | |  0.3

Action                   |  1- 3 |  4- 6 || total
-------------------------+-------+-------++-------
Melee: Hand axe          |    97 |   101 ||   198
       War axe           |       |    18 ||    18
Invok: Berserk           |     1 |     2 ||     3
  Use: Potion            |       |     1 ||     1
  Eat: Chunk             |       |    13 ||    13
Armor: Animal skin       |    35 |    24 ||    59
       Robe              |       |    25 ||    25
       Skin              |       |     1 ||     1
Dodge: Dodged            |    85 |    74 ||   159
